 Dungeon Crawl Stone Soup version 0.27.1-33-g824d729ab1 (webtiles) character file.

Game seed: 4438917216849571921

25 MisterFreud the Skirmisher (level 2, -7/29 HPs)
             Began as a Minotaur Abyssal Knight on Dec 1, 2021.
             Was a Follower of Lugonu.
             Mangled by Terence (10 damage)
             ... on level 2 of the Dungeon.
             The game lasted 00:01:16 (1508 turns).

MisterFreud the Skirmisher (MiAK)                   Turns: 1508, Time: 00:01:16

Health: -7/29      AC:  3    Str: 16    XL:     2   Next: 86%
Magic:  2/2        EV: 11    Int:  9    God:    Lugonu [*.....]
Gold:   19         SH:  0    Dex:  9    Spells: 1/1 levels left

rFire    . . .     SeeInvis .   a - +1 falchion
rCold    . . .     Faith    .   (no shield)
rNeg     . . .     Spirit   .   b - +0 leather armour
rPois    .         Reflect  .   (helmet restricted)
rElec    .         Harm     .   (no cloak)
rCorr    .         Rampage  .   (no gloves)
Will     .....                  (no boots)
Stlth    +.........             (no amulet)
HPRegen  0.09/turn              (no ring)
MPRegen  0.08/turn              (no ring)

@: no status effects
A: horns 2, retaliatory headbutt
a: Renounce Religion, Depart the Abyss


You were on level 2 of the Dungeon.
You worshipped Lugonu.
Lugonu was aware of your devotion.
You visited 1 branch of the dungeon, and saw 2 of its levels.
You visited the Abyss 1 time.

You collected 19 gold pieces.

Inventory:

Hand Weapons
 a - a +1 falchion (weapon)
 c - a +3 dagger
Armour
 b - a +0 leather armour (worn)
Scrolls
 f - a scroll of enchant armour {unknown}
 g - a scroll of teleportation {unknown}
 h - a scroll of fear {unknown}
 k - a scroll of fog {unknown}
Potions
 d - a potion of attraction {unknown}
 e - a potion of magic {unknown}
 i - 2 potions of curing {unknown}
 j - a potion of brilliance {unknown}


   Skills:
 + Level 5.0 Fighting
 - Level 2.4 Long Blades
 - Level 2.4 Armour
 - Level 1.1 Dodging
 - Level 1.7 Invocations


You had one spell level left.
You didn't know any spells.
Your spell library contained the following spells:

 Spells                   Type           Power      Damage    Failure   Level
 Static Discharge         Conj/Air       0%         N/A       58%         2
 Lightning Bolt           Conj/Air       0%         1d11      100%        5
 Maxwell's Capacitive Co  Air            0%         ∞         100%        8


Dungeon Overview and Level Annotations

Branches:
Dungeon (2/15)

Altars:

Annotations:
D:2 Terence


Innate Abilities, Weirdness & Mutations

You have a pair of horns on your head.
You reflexively headbutt those who attack you in melee.


Message History

No target in view!
HP restored.
Found a purple potion.
k - a scroll labelled DAYH GINTUP A quokka comes into view.
A quokka is nearby!
A quokka is nearby!
Found 11 gold pieces.
You slash the quokka!
You kill the quokka!
Lugonu accepts your kill.
Found 22 bolts.
i - 2 purple potions (gained 1) No target in view!
Terence the Incautious comes into view.
He is wielding a +0 mace.
Found a stone staircase leading down.
Terence is nearby!
Terence is nearby!
Terence hits you with a +0 mace.
You hit Terence.
Terence is lightly wounded.
Terence barely misses you.
You closely miss Terence.
Terence is lightly wounded.
Terence hits you with a +0 mace. Terence hits you with a +0 mace!
You hit Terence but do no damage.
Terence is lightly wounded.
Terence hits you but does no damage.
You hit Terence but do no damage.
Terence is lightly wounded.
Terence hits you with a +0 mace.
You hit Terence but do no damage.
Terence is lightly wounded.
Terence hits you with a +0 mace.
* * * LOW HITPOINT WARNING * * *
Terence hits you with a +0 mace!
* * * LOW HITPOINT WARNING * * *
You see here a +0 club.
Terence hits you with a +0 mace!
You die...

###...##.# .....#
#...####.........
##...#...........#
########................#
...........##.......###.#
######.#.## .....
#........# ....
#........# ....
#....@@..# ... #)<..)...#
##########


You could see Terence.

Vanquished Creatures
  A dart slug (D:1)
  2 bats (D:1)
  An endoplasm (D:1)
  A giant cockroach (D:1)
  2 goblins (D:1)
  3 jackals (D:1)
  4 kobolds
  3 quokkas
  A ball python (D:1)
  A frilled lizard (D:1)
  A rat (D:1)
20 creatures vanquished.

Notes
Turn   | Place    | Note
-------+----------+-------------------------------------------
     0 | Abyss:1  | MisterFreud the Minotaur Abyssal Knight began the quest for
                  | the Orb.
     0 | Abyss:1  | Reached XP level 1. HP: 19/19 MP: 1/1
    44 | Abyss:1  | Found a hazy altar of Hepliaklqana.
    58 | Abyss:1  | Noticed a small abomination
    61 | D:1      | Escaped the Abyss
   311 | D:1      | Reached skill level 4 in Fighting
   311 | D:1      | Reached * piety under Lugonu
   548 | D:1      | Reached XP level 2. HP: 27/28 MP: 2/2
  1438 | D:2      | Reached skill level 5 in Fighting
  1479 | D:2      | Noticed Terence
  1508 | D:2      | Mangled by Terence

Illustrated notes

Levels and vault maps discovered:
D:1:      wander_arrival_chamber, layout_basic, roderic_lattice_a
D:2:      layout_rooms, uniq_sigmund, uniq_robin, uniq_terence

Skill      XL: |  1  2 |
---------------+-------+-----
Fighting       | 4 5 |  5.0
Long Blades    | |  2.4
Armour         | |  2.4
Dodging        | |  1.1
Invocations    | |  1.7

Action                   || total
-------------------------++-------
Melee: Falchion          ||    43
       Headbutt          ||     1
Invok: Depart the Abyss  ||     1
Armor: Leather armour    ||    12
Dodge: Dodged            ||    15
       Rpst.: Falchion   ||     3
